 Dungeon Crawl Stone Soup version 0.31.0-1-g2c135a008e (webtiles) character file.

Game seed: 17569020698332489351

42 qw the Shooter (level 3, -1/29 HPs)
             Began as a Djinni Hunter on Jan 23, 2024.
             Slain by a goblin
             ... wielding a +0 club
             ... led by Robin
              (2 damage)
             ... on level 2 of the Dungeon.
             The game lasted 00:00:04 (944 turns).

qw the Shooter (Djinni Hunter)                       Turns: 944, Time: 00:00:05

Health: -1/29      AC:  3    Str: 10    XL:     3   Next: 77%
Gold:   8          EV: 12    Int: 10    God:
                   SH:  0    Dex: 18

rFire   + + .        a - +0 shortbow
rCold   x . .        (shield currently unavailable)
rNeg    . . .        c - +0 leather armour
rPois   inf          (no helmet)
rElec   .            (no cloak)
rCorr   .            (no gloves)
SInv    .            (boots unavailable)
Will    .....        (no amulet)
Stlth   ++           (no ring)
HPRegen 0.24/turn    (no ring)
MPRegen 0.00/turn

%: infuse magic (-2 HP)
@: flying
A: sickness immunity, fire resistance 2, cold vulnerability 1, float, innate
caster, HP casting, extra vitality 1
a: no special abilities


You were on level 2 of the Dungeon.
You visited 1 branch of the dungeon, and saw 2 of its levels.

You collected 8 gold pieces.


Innate Abilities, Weirdness & Mutations

You are immune to sickness and miasma.
You are immune to poison.
Your flesh is very heat resistant. (rF++)
You are vulnerable to cold. (rC-)
You float through the air rather than walking.
You learn spells naturally, not from books.
Your magical power is your life essence.
You have superior vitality. (+4 MHP)


   Skills:
 + Level 2.7 Fighting
 - Level 4.0 Ranged Weapons
 - Level 2.1 Dodging
 - Level 0.7 Stealth


You knew the following spells:

 Your Spells              Type           Power      Damage    Failure   Level
a - Necrotise             Necr           0%         1d4       45%         1
Your spell library was empty.

Inventory:

Hand Weapons
 a - a +0 shortbow (weapon)
Armour
 c - a +0 leather armour (worn)
Potions
 d - a potion of resistance
 h - a potion of curing {unknown}
 i - a potion of lignification {unknown}
 j - a potion of degeneration {unknown}

Dungeon Overview and Level Annotations

Branches:
Dungeon (2/15)

Altars:

Annotations:
D:2 Robin


Message History

The arrow closely misses the hobgoblin.
The arrow hits the hobgoblin.
You kill the hobgoblin!
The goblin hits you with a +0 club.
You shoot an arrow. The arrow closely misses the goblin.
The arrow closely misses the hobgoblin.
The goblin no longer looks unusually strong.
The goblin hits you with a +0 club.
You shoot an arrow. The arrow barely misses the goblin.
The arrow barely misses the hobgoblin.
The arrow hits Robin but does no damage.
The goblin hits you but does no damage.
A goblin comes into view. It is wielding a +0 dagger.
A goblin comes into view. It is wielding a +0 club.
Robin throws the goblin at you! The goblin hits you with a +0 club.
A goblin comes into view. It is wielding a +0 club.
You shoot an arrow. The arrow closely misses the goblin.
The goblin hits you with a +0 club.
A goblin comes into view. It is wielding a +0 dagger. x2
You shoot an arrow. The arrow misses the goblin.
The goblin no longer looks unusually strong.
The hobgoblin no longer looks unusually strong.
The hobgoblin misses you. The goblin closely misses you.
The hobgoblin closely misses you.
You shoot an arrow. The arrow closely misses the goblin.
The goblin hits you but does no damage.
Robin roars a battlecry!
The goblins go into a battle-frenzy!
The hobgoblin closely misses you.
Robin's bangles clink loudly.
The goblin completely misses you.
You shoot an arrow. The arrow hits the goblin.
You kill the goblin!
The hobgoblin hits you.
You shoot an arrow. The arrow hits the hobgoblin!
You kill the hobgoblin!
Robin throws the goblin at you! The goblin hits you with a +0 club.
You shoot an arrow. The arrow hits the goblin!
You kill the goblin!
The goblin hits you with a +0 club.
You die...

##..%...## #.##.....
#........###... .....
#.......#...#.##.....
#....................
##...................
####...####...%....#
#......# ##.)......#
#.###.####....[)...#
# #..g@ggg%......#
######g.......)#
##........)..
#........###
..###....# ##.. ..###
#.. ... ..#


You could see Robin and 4 goblins.

Vanquished Creatures
  2 dart slugs (D:1)
  2 endoplasms
  7 goblins
  6 hobgoblins
  5 ball pythons
  6 bats
  A frilled lizard (D:1)
  4 kobolds (D:1)
  4 rats
37 creatures vanquished.

Notes
Turn   | Place    | Note
-------+----------+-------------------------------------------
     0 | D:1      | qw the Djinni Hunter began the quest for the Orb.
     0 | D:1      | Reached XP level 1. HP: 18/18 MP: 0/0
     0 | D:1      | 0 ||| qw: Version: 0.3-a-132-g3d54051
     0 | D:1      | 0 ||| qw: Game counter: 636
     0 | D:1      | 0 ||| qw: Melee chars always use a shield: true
     0 | D:1      | 0 ||| qw: God list: Okawaru
     0 | D:1      | 0 ||| qw: Allow faded altars: false
     0 | D:1      | 0 ||| qw: Do Orc after clearing Dungeon:15 true
     0 | D:1      | 0 ||| qw: Do second Lair branch before Depths: true
     0 | D:1      | 0 ||| qw: Lair rune preference: random
     0 | D:1      | 0 ||| qw: Goals: Normal
     0 | D:1      | 0 ||| PLANNING D:1-11
   172 | D:1      | Reached XP level 2. HP: 23/23 MP: 0/0
   544 | D:1      | Reached XP level 3. HP: 28/28 MP: 0/0
   544 | D:1      | Learned a level 1 spell: Necrotise
   548 | D:1      | Reached skill level 4 in Ranged Weapons
   723 | D:1      | Found a faded altar of an unknown god.
   755 | D:1      | 755 ||| READING scroll labelled JIM KAUXTUBLAU.
   755 | D:1      | 755 ||| IDENTIFYING fuming emerald potion
   756 | D:1      | 756 ||| READING scroll labelled QANUAS ZOUCSU.
   757 | D:1      | 757 ||| DRINKING 2 fuming ruby potions.
   758 | D:1      | 758 ||| DROPPING scroll of butterflies.
   759 | D:1      | 759 ||| DROPPING potion of invisibility.
   924 | D:2      | Noticed Robin
   928 | D:2      | 928 ||| RETREEEEATING.
   929 | D:2      | 929 ||| RETREEEEATING.
   930 | D:2      | 930 ||| RETREEEEATING.
   931 | D:2      | 931 ||| RETREEEEATING.
   932 | D:2      | 932 ||| RETREEEEATING.
   933 | D:2      | 933 ||| RETREEEEATING.
   939 | D:2      | HP: 7/29 [goblin/+0 club[Robin] (3)]
   943 | D:2      | HP: 1/29 [goblin/+0 club[Robin] (4)]
   944 | D:2      | Slain by a goblin

Levels and vault maps discovered:
D:1:      tekkud_arrival_beachfront_property, layout_basic, serial_curves,
          eino_curves_01, eino_curves_02, shapermc_ecumenical_altar_venn
D:2:      layout_loops_ring, uniq_robin

Skill      XL: |  1  2  3 |
---------------+----------+-----
Ranged Weapons | 4 |  4.0
Fighting       | |  2.7
Dodging        | |  2.1
Stealth        | |  0.7

Action                     || total
---------------------------++-------
   Fire: Shortbow          ||    81
    Use: Scroll            ||     2
         Potion            ||     1
 Armour: Leather armour    ||    26
  Dodge: Dodged            ||    26

Table legend:
 A = Non-vault XP
 B = Vault XP
 C = Vault XP percentage of total XP
 D = Non-vault monster count
 E = Vault monster count
 F = Vault count percentage of total count
                 A         B        C        D         E       F
            +---------+---------+-------+---------+---------+-------
      Total |      49 |      13 |  21.0 |      30 |       7 |  18.9
            +---------+---------+-------+---------+---------+-------
        D:1 |      33 |       0 |   0.0 |      21 |       0 |   0.0
        D:2 |      16 |      13 |  44.8 |       9 |       7 |  43.8
            +---------+---------+-------+---------+---------+-------
